 Dungeon Crawl Stone Soup version 0.27-a0-819-g058290f16d (webtiles) character file.

Game seed: 11482831832182771492

35 robertstho the Magician (level 3, -8/26 HPs)
             Began as a Djinni Ice Elementalist on Mar 29, 2021.
             Mangled by a goblin
             ... wielding a +2 dagger of electrocution
              (12 damage)
             ... on level 2 of the Dungeon.
             The game lasted 00:01:25 (1785 turns).

robertstho the Magician (Djinni Ice Elementalist)   Turns: 1785, Time: 00:01:26

Health: -8/26      AC:  2    Str:  7    XL:     3   Next: 33%
Gold:   47         EV: 12    Int: 23    God:
                   SH:  0    Dex: 13

rFire    + + .     SeeInvis .   d - +0 short sword
rCold    x . .     Faith    .   (no shield)
rNeg     . . .     Spirit   .   a - +0 robe
rPois    ∞         Reflect  .   (no helmet)
rElec    .         Harm     .   (no cloak)
rCorr    +         Rampage  .   (no gloves)
Will     .....                  (boots unavailable)
Stlth    ++........             (no amulet)
HPRegen  0.08/turn              b - +6 ring of intelligence
MPRegen  0.00/turn              h - ring of resist corrosion

@: flying
A: fire resistance 2, cold vulnerability 1, float, innate caster, hp casting,
extra vitality 1
a: no special abilities


You were on level 2 of the Dungeon.
You visited 1 branch of the dungeon, and saw 2 of its levels.

You collected 47 gold pieces.

Inventory:

Hand Weapons
 d - a +0 short sword (weapon)
Armour
 a - a +0 robe (worn)
Jewellery
 b - a +6 ring of intelligence (left hand)
 h - a ring of resist corrosion (right hand)
Scrolls
 c - 2 scrolls of teleportation {unknown}
Potions
 e - 2 potions of invisibility {unknown}
 f - a potion of resistance {unknown}
 g - 2 potions of degeneration {unknown}


   Skills:
 * Level 0.5 Fighting
 + Level 0.1 Short Blades
 + Level 2.2 Dodging
 + Level 1.6 Stealth
 * Level 4.3 Spellcasting


You couldn't memorise any spells.
You knew the following spells:

 Your Spells              Type           Power      Damage    Failure   Level
a - Freeze                Ice            96%        1d11      1%          1
b - Frozen Ramparts       Ice            48%        1d6       5%          3
c - Ozocubu's Armour      Ice            24%        N/A       5%          3
d - Hailstorm             Conj/Ice       24%        3d7       17%         4
e - Summon Ice Beast      Ice/Summ       24%        N/A       17%         4
f - Sandblast             Erth           48%        2d12      1%          1
Your spell library was empty.

Dungeon Overview and Level Annotations

Branches:
Dungeon (2/15)

Altars:
Hepliaklqana


Innate Abilities, Weirdness & Mutations

You are immune to poison.
Your flesh is very heat resistant. (rF++)
You are vulnerable to cold. (rC-)
You float through the air rather than walking.
You learn spells naturally, not from books.
Your magical power is your life essence.
You have superior vitality. (+4 HP)


Message History

You kill the rat!
The bat closely misses you. x2
Casting: Freeze (safe; 1% risk of failure)
Confirm with . or Enter, or press ? or * to list all spells.
Aiming: Freeze (safe; 1% risk of failure)
Press: ? - help, Shift-Dir - straight line, f - bat
Aim: a bat You freeze the bat.
You kill the bat!
A goblin comes into view.
It is wielding a +2 dagger of electrocution.
A goblin is nearby!
A goblin is nearby!
A goblin is nearby!
A goblin is nearby!
c - 2 scrolls labelled HUELUGGASE (gained 1)
The goblin unwields a +2 dagger of electrocution.
It stops crackling.
The goblin wields a +0 hunting sling.
The goblin shoots a sling bullet.
The sling bullet closely misses you.
The goblin shoots a sling bullet.
The sling bullet closely misses you.
The goblin shoots a sling bullet.
The sling bullet barely misses you.
The goblin shoots a sling bullet.
The sling bullet hits you.
The goblin unwields a +0 hunting sling.
The goblin wields a +2 dagger of electrocution.
You hear the crackle of electricity.
The goblin hits you with a +2 dagger of electrocution.
You barely miss the goblin.
The goblin hits you with a +2 dagger of electrocution.
You are electrocuted!
You are too injured to fight recklessly!
Casting: Freeze (safe; 1% risk of failure)
Confirm with . or Enter, or press ? or * to list all spells.
Aiming: Freeze (safe; 1% risk of failure)
Press: ? - help, Shift-Dir - straight line, f - goblin
Aim: a goblin, wielding a +2 dagger of electrocution, wearing a +0 ring mail and quivering sling bullets You freeze the goblin.
The goblin is heavily wounded.
The goblin hits you with a +2 dagger of electrocution.
* * * LOW HITPOINT WARNING * * *
You are electrocuted!
You die...

...............##
..>.............. ..
...............# ...
...............#....
......)†.......#....
....................
...##...............
.#######...............
#...............@.......
#[...............g......
#.........#########.....
#.........# ....h..
#.........# ......
#.........# ....#
#.........# ##.##
#.........# ##..#
#.........# #...##


You could see a goblin.

Vanquished Creatures
  2 adders (D:2)
  A ball python (D:1)
  A giant cockroach (D:1)
  A hobgoblin (D:1)
  2 jackals (D:1)
  2 kobolds
  5 bats
  A frilled lizard (D:2)
  2 rats
17 creatures vanquished.

Notes
Turn   | Place    | Note
-------+----------+-------------------------------------------
     0 | D:1      | robertstho the Djinni Ice Elementalist began the quest for
                  | the Orb.
     0 | D:1      | Reached XP level 1. HP: 15/15 MP: 0/0
   535 | D:1      | Reached XP level 2. HP: 21/22 MP: 0/0
  1447 | D:2      | Reached skill level 4 in Spellcasting
  1512 | D:2      | Reached XP level 3. HP: 12/26 MP: 0/0
  1512 | D:2      | Learned a level 1 spell: Sandblast
  1697 | D:2      | Found a hazy altar of Hepliaklqana.
  1785 | D:2      | Mangled by a goblin

Illustrated notes

Levels and vault maps discovered:
D:1:      erik_arrival_orb_chamber, layout_basic
D:2:      layout_basic, nzn_hepliaklqana_mist_gate

Skill      XL: |  1  2 |
---------------+-------+-----
Spellcasting   | 4 |  4.3
Fighting       | |  0.5
Short Blades   | |  0.1
Dodging        | |  2.2
Stealth        | |  1.6

Action                   || total
-------------------------++-------
Melee: Short sword       ||    18
       Unarmed           ||     2
 Cast: Freeze            ||    18
 Stab: Sleeping          ||     5
Armor: Robe              ||     4
Dodge: Dodged            ||    22

Table legend: (Time is in decaauts)
 A = Elapsed time spent in this place.
 B = Non-inter-level travel time spent in this place.
 C = Inter-level travel time spent in this place.
 D = Time resting spent in this place.
 E = Time spent auto-exploring this place.
 F = Levels seen in this place.
 G = Mean time per level.
                   A        B        C        D        E       F      G
               +--------+--------+--------+--------+--------+-----+--------+
         Total |   1785 |   1771 |     14 |    288 |   1359 |   2 |  892.5 |
       Dungeon |   1785 |   1771 |     14 |    288 |   1359 |   2 |  892.5 |
               +--------+--------+--------+--------+--------+-----+--------+

Top non-repeatable levels by time:
     D:1: 1440 daAuts
     D:2: 344 daAuts
